| TOP OF THE 1ST |
|
El Paso Chihuahuas batting - Pitching for Albuquerque Dukes : RHP Brad Lesley
|
|
Pitching: RHP Brad Lesley
|
|
|
Batting: LHB Andy Van Slyke
|
0-0: Called Strike 0-1: Ball 1-1: Called Strike 1-2: Foul Ball, location: 2F 1-2: Ball 2-2: Ball 3-2: Fly out, F6 (Line Drive, 6, EV 71.9 MPH)
|
|
Batting: RHB Julio Acevedo
|
0-0: Called Strike 0-1: Ball 1-1: Foul Ball, location: 2F 1-2: Fly out, F7 (Flyball, 78M, EV 96.9 MPH)
|
|
Batting: RHB Jesse Vann
|
0-0: Ball 1-0: Fly out, F5 (Line Drive, 5, EV 73.1 MPH)
|
| Top of the 1st over - 0 runs, 0 hits, 0 errors, 0 left on base; El Paso 0 - Albuquerque 0 |
| BOTTOM OF THE 1ST |
|
Albuquerque Dukes batting - Pitching for El Paso Chihuahuas : RHP Alejandro Pena
|
|
Pitching: RHP Alejandro Pena
|
|
|
Batting: LHB Andres Romero
|
0-0: Called Strike 0-1: Foul Ball, location: 2F 0-2: Ball 1-2: Ball 2-2: Foul Ball, location: 2F 2-2: Ball 3-2: SINGLE (Flyball, 78S, EV 98.1 MPH)
|
|
Batting: RHB Steven Patterson
|
0-0: Ball 1-0: Foul Ball, location: 2F 1-1: Foul Ball, location: 2F 1-2: Ball 2-2: Foul Ball, location: 2F 2-2: Foul Ball, location: 2F 2-2: Grounds into double play, 4-6-3 (Groundball, 4, EV 93.8 MPH)
|
|
Batting: LHB Darren Daulton
|
0-0: Called Strike 0-1: Ball 1-1: Ball 2-1: Ball 3-1: Base on Balls
|
|
Pitching: RHP Tom Smith
|
|
|
Batting: LHB Dave Yobs
|
0-0: Ball 1-0: Called Strike 1-1: Foul Ball, location: 2F 1-2: Ball Darren Daulton steals 2nd base 2-2: Foul Ball, location: 2F 2-2: Ball 3-2: Base on Balls
|
|
Batting: RHB Jeffrey Ronk
|
0-0: Ball 1-0: Fly out, F3 (Popup, 23F, EV 80.6 MPH)
|
| Bottom of the 1st over - 0 runs, 1 hit, 0 errors, 2 left on base; El Paso 0 - Albuquerque 0 |
| TOP OF THE 2ND |
|
El Paso Chihuahuas batting - Pitching for Albuquerque Dukes : RHP Brad Lesley
|
|
Batting: LHB Jerry Littmann
|
0-0: Ball 1-0: Called Strike 1-1: Foul Ball, location: 2F 1-2: Foul Ball, location: 2F 1-2: Foul Ball, location: 2F 1-2: Ball 2-2: Ground out U3 (Groundball, 3L, EV 90.0 MPH)
|
|
Batting: RHB Bill Lyons
|
0-0: Called Strike 0-1: Foul Ball, location: 2F 0-2: Foul Ball, location: 2F 0-2: Ball 1-2: Ball 2-2: Ground out 6-3 (Groundball, 6MS, EV 61.3 MPH)
|
|
Batting: LHB Dan Murphy
|
0-0: Called Strike 0-1: Ball 1-1: Ground out 3-1 (Groundball, 13, EV 88.8 MPH)
|
| Top of the 2nd over - 0 runs, 0 hits, 0 errors, 0 left on base; El Paso 0 - Albuquerque 0 |
| BOTTOM OF THE 2ND |
|
Albuquerque Dukes batting - Pitching for El Paso Chihuahuas : RHP Tom Smith
|
|
Batting: RHB George Foussianes
|
0-0: Called Strike 0-1: Ball 1-1: Ball 2-1: Foul Ball, location: 2F 2-2: Ball 3-2: Base on Balls
|
|
Batting: LHB Matthew Henderson
|
0-0: Called Strike 0-1: Called Strike 0-2: Fielders Choice at 2nd, 6-4 (Groundball, 6, EV 81.3 MPH)
|
|
Batting: RHB James Oros
|
0-0: Called Strike 0-1: Ball 1-1: Ball 2-1: Foul Ball, location: 2F 2-2: Foul Ball, location: 2F 2-2: 2-RUN HOME RUN (Flyball, 78XD, EV 93.1 MPH), Distance : 444 ft
|
|
Batting: RHB Kevin Harvey
|
0-0: Called Strike 0-1: Called Strike 0-2: Ground out U3 (Groundball, 3, EV 86.9 MPH)
|
|
Batting: LHB Andres Romero
|
0-0: Ball 1-0: Ball 2-0: SINGLE (Groundball, 34S, EV 69.4 MPH) (infield hit)
|
|
Batting: RHB Steven Patterson
|
0-0: Called Strike Andres Romero steals 2nd base (no throw) 0-1: DOUBLE (Groundball, 5L, EV 106.9 MPH) Andres Romero scores
|
|
Batting: LHB Darren Daulton
|
0-0: Ball 1-0: Called Strike 1-1: Fly out, F7 (Flyball, 7, EV 83.1 MPH)
|
| Bottom of the 2nd over - 3 runs, 3 hits, 0 errors, 1 left on base; El Paso 0 - Albuquerque 3 |
| TOP OF THE 3RD |
|
El Paso Chihuahuas batting - Pitching for Albuquerque Dukes : RHP Brad Lesley
|
|
Batting: RHB Tom Roarke
|
0-0: Ground out 6-3 (Groundball, 6, EV 91.3 MPH)
|
|
Batting: RHB Leo George
|
0-0: Ball 1-0: Ball 2-0: DOUBLE (Flyball, 8RXD, EV 97.5 MPH)
|
|
Batting: RHB William Parmenter
|
0-0: Ball 1-0: DOUBLE (Line Drive, 8RD, EV 89.4 MPH) Leo George scores
|
|
Batting: LHB Andy Van Slyke
|
0-0: Ball 1-0: Ball 2-0: Ball 3-0: Called Strike 3-1: Fly out, F7 (Flyball, 7, EV 85.6 MPH)
|
|
Batting: RHB Julio Acevedo
|
0-0: Called Strike 0-1: Ball 1-1: Ball 2-1: SINGLE (Line Drive, 8RS, EV 91.3 MPH) William Parmenter to third Runner from 3rd tries for Home, SAFE, throw by CF to home Julio Acevedo to second
|
|
Batting: RHB Jesse Vann
|
0-0: Ball 1-0: Foul Ball, location: 2F 1-1: Swinging Strike 1-2: Strikes out swinging
|
| Top of the 3rd over - 2 runs, 3 hits, 0 errors, 1 left on base; El Paso 2 - Albuquerque 3 |
| BOTTOM OF THE 3RD |
|
Albuquerque Dukes batting - Pitching for El Paso Chihuahuas : RHP Tom Smith
|
|
Batting: LHB Dave Yobs
|
0-0: Ball 1-0: Called Strike 1-1: Ball 2-1: Ball 3-1: Foul Ball, location: 2F 3-2: Foul Ball, location: 2F 3-2: Foul Ball, location: 2F 3-2: Base on Balls
|
|
Batting: RHB Jeffrey Ronk
|
0-0: Swinging Strike 0-1: Foul Ball, location: 2F Pickoff Throw to First - Out! 1-3 0-2: Ball 1-2: Ground out U3 (Groundball, 34, EV 85.0 MPH)
|
|
Batting: RHB George Foussianes
|
0-0: Ball 1-0: Foul Ball, location: 2F 1-1: SINGLE (Line Drive, 4D, EV 94.4 MPH)
|
|
Batting: LHB Matthew Henderson
|
0-0: SINGLE (Groundball, 56D, EV 98.1 MPH) George Foussianes to second
|
|
Batting: RHB James Oros
|
0-0: Called Strike 0-1: Ball 1-1: SINGLE (Line Drive, 89S, EV 106.9 MPH) George Foussianes to third Matthew Henderson to second Runner from 3rd tries for Home, SAFE, throw by RF to home
|
|
Batting: RHB Kevin Harvey
|
0-0: Ball 1-0: Ball 2-0: Called Strike 2-1: Ball 3-1: Base on Balls Matthew Henderson to third James Oros to second
|
|
Batting: LHB Andres Romero
|
0-0: Ground out U3 (Groundball, 3L, EV 87.5 MPH)
|
| Bottom of the 3rd over - 1 run, 3 hits, 0 errors, 3 left on base; El Paso 2 - Albuquerque 4 |
| TOP OF THE 4TH |
|
El Paso Chihuahuas batting - Pitching for Albuquerque Dukes : RHP Brad Lesley
|
|
Batting: LHB Jerry Littmann
|
0-0: Swinging Strike 0-1: Ball 1-1: Ball 2-1: Called Strike 2-2: Strikes out looking
|
|
Batting: RHB Bill Lyons
|
0-0: Foul Ball, location: 2F 0-1: Fly out, F8 (Line Drive, 8RD, EV 96.3 MPH)
|
|
Batting: LHB Dan Murphy
|
0-0: Ball 1-0: Ball 2-0: Ball 3-0: Base on Balls
|
|
Batting: RHB Tom Roarke
|
0-0: Called Strike 0-1: Fielders Choice at 2nd, 6-4 (Groundball, 6, EV 79.4 MPH)
|
| Top of the 4th over - 0 runs, 0 hits, 0 errors, 1 left on base; El Paso 2 - Albuquerque 4 |
| BOTTOM OF THE 4TH |
|
Albuquerque Dukes batting - Pitching for El Paso Chihuahuas : RHP Tom Smith
|
|
Batting: RHB Steven Patterson
|
0-0: Ball 1-0: Ball 2-0: Ball 3-0: Called Strike 3-1: Foul Ball, location: 2F 3-2: Foul Ball, location: 2F 3-2: Fly out, F9 (Flyball, 89M, EV 88.1 MPH)
|
|
Pitching: RHP Rick DeLoach
|
|
|
Batting: LHB Darren Daulton
|
0-0: Ball 1-0: Ball 2-0: Ball 3-0: Base on Balls
|
|
Batting: LHB Dave Yobs
|
0-0: Ball Darren Daulton is caught stealing 2nd base 2-6 1-0: Foul Ball, location: 2F 1-1: Ball 2-1: Foul Ball, location: 2F 2-2: Foul Ball, location: 2F 2-2: Foul Ball, location: 2F 2-2: Foul Ball, location: 2F 2-2: Foul Ball, location: 2F 2-2: Foul Ball, location: 2F 2-2: Ball 3-2: Foul Ball, location: 2F 3-2: Foul Ball, location: 2F 3-2: Base on Balls
|
|
Batting: RHB Jeffrey Ronk
|
0-0: Called Strike 0-1: Ball 1-1: Ball 2-1: Ball 3-1: SINGLE (Groundball, 4MD, EV 95.0 MPH) Dave Yobs to second Runner from 2nd tries for 3rd, OUT! 8-5
|
| Bottom of the 4th over - 0 runs, 1 hit, 0 errors, 1 left on base; El Paso 2 - Albuquerque 4 |
| TOP OF THE 5TH |
|
El Paso Chihuahuas batting - Pitching for Albuquerque Dukes : RHP Brad Lesley
|
|
Batting: RHB Leo George
|
0-0: Ball 1-0: Ball 2-0: Swinging Strike 2-1: Foul Ball, location: 2F 2-2: Foul Ball, location: 2F 2-2: Ball 3-2: Ground out 6-3 (Groundball, 6, EV 91.3 MPH)
|
|
Batting: RHB William Parmenter
|
0-0: Called Strike 0-1: Swinging Strike 0-2: Ball 1-2: Ball 2-2: Foul Ball, location: 2F 2-2: Ground out 6-3 (Groundball, 4M, EV 102.5 MPH)
|
|
Batting: LHB Andy Van Slyke
|
0-0: Called Strike 0-1: Ball 1-1: Ball 2-1: Foul Ball, location: 2F 2-2: Ball 3-2: Strikes out swinging
|
| Top of the 5th over - 0 runs, 0 hits, 0 errors, 0 left on base; El Paso 2 - Albuquerque 4 |
| BOTTOM OF THE 5TH |
|
Albuquerque Dukes batting - Pitching for El Paso Chihuahuas : RHP Rick DeLoach
|
|
Batting: RHB George Foussianes
|
0-0: Fly out, F6 (Popup, 25, EV 86.9 MPH)
|
|
Batting: LHB Matthew Henderson
|
0-0: Foul Ball, location: 2F 0-1: Called Strike 0-2: Strikes out looking
|
|
Batting: RHB James Oros
|
0-0: Ball 1-0: Ball 2-0: Called Strike 2-1: Called Strike 2-2: Foul Ball, location: 2F 2-2: Foul Ball, location: 2F 2-2: Foul Ball, location: 2F 2-2: Ball 3-2: Foul Ball, location: 2F 3-2: Foul Ball, location: 2F 3-2: Base on Balls
|
|
Batting: RHB Kevin Harvey
|
0-0: Ball 1-0: Ball 2-0: SINGLE (Line Drive, 4MD, EV 105.6 MPH) James Oros to second
|
|
Batting: LHB Andres Romero
|
0-0: Ball 1-0: Ball 2-0: Ball 3-0: Called Strike 3-1: Fly out, F9 (Flyball, 9LD, EV 108.8 MPH)
|
| Bottom of the 5th over - 0 runs, 1 hit, 0 errors, 2 left on base; El Paso 2 - Albuquerque 4 |
| TOP OF THE 6TH |
|
El Paso Chihuahuas batting - Pitching for Albuquerque Dukes : RHP Brad Lesley
|
|
Batting: RHB Julio Acevedo
|
0-0: Bunt missed! 0-1: Called Strike 0-2: Ball 1-2: Ball 2-2: Foul Ball, location: 2F 2-2: Fly out, F8 (Flyball, 8RS, EV 90.6 MPH)
|
|
Batting: RHB Jesse Vann
|
0-0: Ball 1-0: Ball 2-0: Swinging Strike 2-1: Ball 3-1: Base on Balls
|
|
Batting: LHB Jerry Littmann
|
0-0: Ball 1-0: Foul Ball, location: 2F 1-1: SINGLE (Flyball, 56D, EV 86.9 MPH) Jesse Vann to second
|
|
Batting: RHB Bill Lyons
|
0-0: Grounds into double play, 5-4-3 (Groundball, 56, EV 105.0 MPH)
|
| Top of the 6th over - 0 runs, 1 hit, 0 errors, 1 left on base; El Paso 2 - Albuquerque 4 |
| BOTTOM OF THE 6TH |
|
Albuquerque Dukes batting - Pitching for El Paso Chihuahuas : RHP Rick DeLoach
|
|
Batting: RHB Steven Patterson
|
0-0: Called Strike 0-1: Fly out, F8 (Flyball, 8LD, EV 98.1 MPH)
|
|
Batting: LHB Darren Daulton
|
0-0: Called Strike 0-1: Ball 1-1: Called Strike 1-2: Foul Ball, location: 2F 1-2: DOUBLE (Groundball, 3L, EV 98.8 MPH)
|
|
Batting: LHB Dave Yobs
|
0-0: Ball 1-0: Called Strike 1-1: Foul Ball, location: 2F 1-2: Ball 2-2: Ball 3-2: Base on Balls
|
|
Batting: RHB Jeffrey Ronk
|
0-0: Ball 1-0: Ball Darren Daulton steals 3rd base 2-0: Ball 3-0: Called Strike 3-1: Foul Ball, location: 2F 3-2: Foul Ball, location: 2F 3-2: Base on Balls Dave Yobs to second
|
|
Pitching: RHP Gordon Gauntlett
|
|
|
Batting: RHB George Foussianes
|
0-0: Ball 1-0: Swinging Strike 1-1: Ball 2-1: Ball Wild Pitch! Darren Daulton scores Dave Yobs to third Jeffrey Ronk to second 3-1: Swinging Strike 3-2: Foul Ball, location: 2F 3-2: Foul Ball, location: 2F 3-2: Foul Ball, location: 2F 3-2: Base on Balls
|
|
Batting: LHB Matthew Henderson
|
0-0: Ball 1-0: Ball Wild Pitch! Dave Yobs scores Jeffrey Ronk to third George Foussianes to second 2-0: Ball Wild Pitch! Jeffrey Ronk scores George Foussianes to third 3-0: Base on Balls
|
|
Batting: RHB James Oros
|
0-0: Ball 1-0: Ball 2-0: Fly out, F8 (Flyball, 8RD, EV 94.4 MPH) Runner from 3rd tags up, SCORES, throw by CF
|
|
Batting: RHB Kevin Harvey
|
0-0: Ball Matthew Henderson steals 2nd base 1-0: Ball 2-0: Ground out 5-3 (Groundball, 56, EV 105.6 MPH)
|
| Bottom of the 6th over - 4 runs, 1 hit, 0 errors, 1 left on base; El Paso 2 - Albuquerque 8 |
| TOP OF THE 7TH |
|
El Paso Chihuahuas batting - Pitching for Albuquerque Dukes : RHP Brad Lesley
|
|
Batting: LHB Dan Murphy
|
0-0: Ball 1-0: Ball 2-0: Foul Ball, location: 2F 2-1: Fly out, F9 (Flyball, 9, EV 85.6 MPH)
|
|
Batting: RHB Tom Roarke
|
0-0: Ball 1-0: Called Strike 1-1: Ball 2-1: Foul Ball, location: 2F 2-2: Strikes out swinging
|
|
Batting: RHB Leo George
|
0-0: Called Strike 0-1: Ball 1-1: Called Strike 1-2: Ground out 5-3 (Groundball, 5, EV 86.9 MPH)
|
| Top of the 7th over - 0 runs, 0 hits, 0 errors, 0 left on base; El Paso 2 - Albuquerque 8 |
| BOTTOM OF THE 7TH |
|
Albuquerque Dukes batting - Pitching for El Paso Chihuahuas : RHP Gordon Gauntlett
|
|
Batting: LHB Andres Romero
|
0-0: Ball 1-0: Ball 2-0: Ground out 6-3 (Groundball, 6, EV 81.3 MPH)
|
|
Batting: RHB Steven Patterson
|
0-0: Ball 1-0: Called Strike 1-1: Ground out 6-3 (Groundball, 6, EV 106.3 MPH)
|
|
Batting: LHB Darren Daulton
|
0-0: Swinging Strike 0-1: Called Strike 0-2: Ball 1-2: Ball 2-2: Ball 3-2: Foul Ball, location: 2F 3-2: Ground out 6-3 (Groundball, 6M, EV 108.8 MPH)
|
| Bottom of the 7th over - 0 runs, 0 hits, 0 errors, 0 left on base; El Paso 2 - Albuquerque 8 |
| TOP OF THE 8TH |
|
El Paso Chihuahuas batting - Pitching for Albuquerque Dukes : RHP Brad Lesley
|
|
Batting: RHB William Parmenter
|
0-0: Called Strike 0-1: Ball 1-1: SINGLE (Flyball, 8RS, EV 94.4 MPH)
|
|
Batting: LHB Andy Van Slyke
|
0-0: Ball 1-0: Fielders Choice at 2nd, 6-4 (Groundball, 56, EV 85.0 MPH)
|
|
Batting: RHB Julio Acevedo
|
0-0: Ball 1-0: Ball 2-0: Foul Ball, location: 2F 2-1: Fly out, F8 (Flyball, 8RXD, EV 95.6 MPH)
|
|
Batting: RHB Jesse Vann
|
0-0: 2-RUN HOME RUN (Flyball, 7LD, EV 101.9 MPH), Distance : 361 ft
|
|
Batting: LHB Jerry Littmann
|
0-0: Called Strike 0-1: Ball 1-1: Ball 2-1: Fly out, F6 (Popup, 6M, EV 60.0 MPH)
|
| Top of the 8th over - 2 runs, 2 hits, 0 errors, 0 left on base; El Paso 4 - Albuquerque 8 |
| BOTTOM OF THE 8TH |
|
Albuquerque Dukes batting - Pitching for El Paso Chihuahuas : RHP Gordon Gauntlett
|
|
Batting: LHB Dave Yobs
|
0-0: Foul Ball, location: 2F 0-1: Hit by Pitch
|
|
Batting: RHB Jeffrey Ronk
|
0-0: Called Strike 0-1: DOUBLE (Line Drive, 7LD, EV 101.9 MPH) Dave Yobs to third
|
|
Batting: RHB George Foussianes
|
0-0: Ball 1-0: Ball 2-0: Ball 3-0: Called Strike 3-1: Base on Balls
|
|
Batting: LHB Matthew Henderson
|
0-0: Ball 1-0: Ball 2-0: Ball 3-0: Base on Balls Dave Yobs scores Jeffrey Ronk to third George Foussianes to second
|
|
Batting: RHB James Oros
|
0-0: Reached on error, E3 (Groundball, 34, EV 83.8 MPH) Jeffrey Ronk scores George Foussianes to third Matthew Henderson to second
|
|
Batting: RHB Kevin Harvey
|
0-0: Foul Ball, location: 2F 0-1: Ball 1-1: Ball 2-1: Ball 3-1: Swinging Strike 3-2: Base on Balls George Foussianes scores Matthew Henderson to third James Oros to second
|
|
Pinch Hitting: LHB Elwood Holland
|
0-0: DOUBLE (Groundball, 3L, EV 106.3 MPH) Matthew Henderson scores James Oros scores Kevin Harvey to third Runner from 3rd tries for Home, SAFE, throw by RF to trailing runner, SAFE at third!
|
|
Pitching: RHP Gary Kaczor
|
|
|
Pinch Hitting: RHB Jim Smith
|
0-0: Ball 1-0: Foul Ball, location: 2F 1-1: Ball 2-1: Ball 3-1: Called Strike Balk! Elwood Holland scores 3-2: Foul Ball, location: 2F 3-2: Base on Balls
|
|
Batting: LHB Darren Daulton
|
0-0: Ball 1-0: Ball Wild Pitch! Jim Smith to second 2-0: Called Strike 2-1: Swinging Strike 2-2: Ball 3-2: Foul Ball, location: 2F 3-2: Base on Balls
|
|
Pinch Hitting: LHB Rodney Kemp
|
0-0: Ball Wild Pitch! Jim Smith to third Darren Daulton to second 1-0: Ball 2-0: Ground out U3 (Groundball, 34, EV 81.9 MPH) Jim Smith scores Darren Daulton to third
|
|
Pinch Hitting: RHB Gus Malespin
|
0-0: Called Strike 0-1: Ground out 5-3 (Groundball, 56S, EV 65.0 MPH) Darren Daulton scores
|
|
Batting: RHB George Foussianes
|
0-0: Ball 1-0: Ball 2-0: Foul Ball, location: 2F 2-1: Foul Ball, location: 2F 2-2: Ball 3-2: Fly out, F8 (Flyball, 8RD, EV 84.4 MPH)
|
| Bottom of the 8th over - 9 runs, 2 hits, 1 error, 0 left on base; El Paso 4 - Albuquerque 17 |
| TOP OF THE 9TH |
|
El Paso Chihuahuas batting - Pitching for Albuquerque Dukes : RHP Brad Lesley
|
|
Now at 2B: Gus Malespin
|
|
|
Now at SS: Jim Smith
|
|
|
Now in LF: Elwood Holland
|
|
|
Now in RF: Rodney Kemp
|
|
|
Pinch Hitting: RHB Cliff Wherry
|
0-0: Fly out, F8 (Flyball, 8RM, EV 90.6 MPH)
|
|
Batting: LHB Dan Murphy
|
0-0: Called Strike 0-1: Ball 1-1: Fly out, F7 (Flyball, 7, EV 81.3 MPH)
|
|
Batting: RHB Tom Roarke
|
0-0: Ball 1-0: Called Strike 1-1: Ball 2-1: Foul Ball, location: 2F 2-2: Ball 3-2: Strikes out looking
|
| Top of the 9th over - 0 runs, 0 hits, 0 errors, 0 left on base; El Paso 4 - Albuquerque 17 |
|